[Event "Titled Tuesday Blitz May 24 Early 2022"]
[White "Perera Alfonso, Rene Humberto"]
[Black "Li, Zhuoling"]
[WhiteFideId "3514722"]
[BlackFideId "8605629"]
[WhiteElo "2313"]
[BlackElo "2346"]
[Result "1-0"]
[Round "05"]
[TimeControl "180+1"]
[Date "2022.05.25"]
[WhiteClock "0:01:46"]
[BlackClock "0:00:07"]

1. e4 c5 2. Nf3 Nc6 3. d4 cxd4 4. Nxd4 e5 5. Nb5 d6 6. N1c3 a6 7. Na3 b5 8. Nd5 Nge7 9. c4 Nd4 10. Bd3 Nxd5 11. cxd5 Be7 12. O-O O-O 13. Nc2 Nxc2 14. Qxc2 Bd7 15. Be3 Rc8 16. Qe2 f5 17. exf5 Bxf5 18. Rfc1 Qd7 19. a4 Bxd3 20. Qxd3 bxa4 21. Qxa6 Rxc1+ 22. Rxc1 Rb8 23. Rc2 h6 24. h3 Qf5 25. Qxa4 Qd3 26. Rd2 Qb1+ 27. Kh2 Rxb2 28. Qe8+ Bf8 29. Qe6+ Kh7 30. Rxb2 Qxb2 31. Qe8 Kg8 32. Qe6+ Kh7 33. Qf7 Qb8 34. g4 Qd8 35. Bxh6 Qe7 36. Qf5+ Kg8 37. Bg5 Qf7 38. Qxf7+ Kxf7 39. Kg2 Kg6 40. Bd8 Kf7 41. Kf3 g6 42. Bg5 Bg7 43. Ke4 Bf8 44. h4 Kg7 45. h5 Kh7 46. f4 exf4 47. Bxf4 gxh5 48. gxh5 Be7 49. Kf5 Kg7 50. Ke6 Kf8 51. Bxd6 Bxd6 52. Kxd6 1-0


[Site "https://www.chess.com"]

[Event "Titled Tuesday Blitz May 24 Early 2022"]
[White "Perez Rodriguez, Jennifer"]
[Black "Tanenbaum, Zachary"]
[WhiteFideId "3507831"]
[BlackFideId "2060850"]
[WhiteElo "2170"]
[BlackElo "2168"]
[Result "0-1"]
[Round "05"]
[TimeControl "180+1"]
[Date "2022.05.25"]
[WhiteClock "0:00:26"]
[BlackClock "0:01:14"]

1. e4 e5 2. Nc3 Nc6 3. Bc4 Nf6 4. d3 Na5 5. Nge2 Bc5 6. O-O d6 7. a3 Nxc4 8. dxc4 O-O 9. Bg5 h6 10. Bd2 a5 11. Ng3 c6 12. Qe1 a4 13. Rd1 Be6 14. Qe2 Bg4 15. Qd3 Bxd1 16. Rxd1 Ng4 17. Be1 Qb6 18. Qf3 Nf6 19. Nf5 Kh7 20. Rd3 Qxb2 21. h4 Qc1 22. Kf1 Qf4 23. Qh3 Nxe4 24. Rf3 Nd2+ 25. Bxd2 Qxd2 26. Ne4 Qd1# 0-1


[Site "https://www.chess.com"]

[Event "Titled Tuesday Blitz May 24 Early 2022"]
[White "Petre, Nad-Titus"]
[Black "Skuhala, Barbara"]
[WhiteFideId "1204165"]
[BlackFideId "14605465"]
[WhiteElo "2354"]
[BlackElo "2155"]
[Result "1-0"]
[Round "05"]
[TimeControl "180+1"]
[Date "2022.05.25"]
[WhiteClock "0:00:23"]
[BlackClock "0:00:39"]

1. e4 c5 2. Nc3 a6 3. g3 b6 4. Bg2 b5 5. d3 Bb7 6. Nh3 e6 7. O-O d6 8. f4 Nc6 9. f5 e5 10. Nd5 Nf6 11. Bg5 Be7 12. Bxf6 Bxf6 13. g4 h6 14. c3 Ne7 15. Nxf6+ gxf6 16. Nf2 Qb6 17. Bf3 O-O-O 18. Qe2 d5 19. a4 b4 20. Rfc1 Kb8 21. a5 Qb5 22. exd5 h5 23. c4 Qd7 24. h3 Rdg8 25. Kf1 hxg4 26. hxg4 Rh2 27. Qe3 Rgh8 28. Ke2 Nc8 29. Rh1 Nd6 30. Rxh2 Rxh2 31. Qxc5 e4 32. dxe4 Qe7 33. Rh1 Rxh1 34. Bxh1 Qe5 35. Kf1 Nc8 36. Qxb4 Qd4 37. Qc3 Qc5 38. b4 Qe7 39. Bf3 Qe8 40. Kg2 Ne7 41. Qxf6 Ng8 42. Qd6+ Ka8 43. e5 Qc8 44. c5 Qe8 45. c6 Bc8 46. c7 Qb5 47. Qb6 Qxb6 48. axb6 Bb7 49. d6 Bxf3+ 50. Kxf3 Kb7 51. d7 1-0


[Site "https://www.chess.com"]

[Event "Titled Tuesday Blitz May 24 Early 2022"]
[White "Petrova, Irina"]
[Black "Castaneda, Jhon David"]
[WhiteFideId "14124122"]
[BlackFideId "4405048"]
[WhiteElo "1993"]
[BlackElo "2152"]
[Result "0-1"]
[Round "05"]
[TimeControl "180+1"]
[Date "2022.05.25"]
[WhiteClock "0:00:02"]
[BlackClock "0:00:24"]

1. e4 c5 2. Nf3 Nc6 3. Bb5 g6 4. Bxc6 dxc6 5. d3 Bg7 6. Nc3 Nf6 7. Be3 Nd7 8. Qd2 h6 9. O-O e5 10. h3 Qe7 11. Nh2 Nf8 12. f4 exf4 13. Bxf4 Bd4+ 14. Kh1 g5 15. Be3 Be6 16. Nd1 O-O-O 17. c3 Bxe3 18. Nxe3 Qd7 19. Rad1 Ng6 20. Qf2 Kb8 21. d4 cxd4 22. cxd4 Bxa2 23. d5 cxd5 24. exd5 Bb3 25. Ra1 a6 26. Nhg4 Nf4 27. Qg3 Qc7 28. Rfc1 Qb6 29. Ne5 Ka7 30. N3c4 Bxc4 31. Nxc4 Qd4 32. Qb3 Rxd5 33. Rd1 Qc5 34. Rdc1 Rc8 35. Kh2 Qc7 36. Ne3 Rc5 37. Rxc5 Qxc5 38. Ng4 Qd6 39. Kh1 Rc6 40. Qxf7 Rb6 41. b3 Qc6 42. Rg1 Ne2 43. Ne5 Qe6 0-1


[Site "https://www.chess.com"]

[Event "Titled Tuesday Blitz May 24 Early 2022"]
[White "Petrovskyi, Vadym"]
[Black "Maksimenko, Viktor"]
[WhiteFideId "14165210"]
[BlackFideId "13710478"]
[WhiteElo "2400"]
[BlackElo "2269"]
[Result "1-0"]
[Round "05"]
[TimeControl "180+1"]
[Date "2022.05.24"]
[WhiteClock "0:00:04"]
[BlackClock "0:00:04"]

1. e4 c6 2. d4 d5 3. Nc3 dxe4 4. Nxe4 Nf6 5. Nxf6+ exf6 6. c3 Bd6 7. Bd3 O-O 8. Qc2 Re8+ 9. Ne2 h5 10. Be3 Nd7 11. O-O h4 12. h3 Nf8 13. Rfe1 Bd7 14. Rad1 Rc8 15. c4 Bb8 16. Qd2 g5 17. f4 g4 18. f5 gxh3 19. gxh3 Qc7 20. Kf1 Qh2 21. Ng1 Qg3 22. Re2 Kh8 23. Rde1 Nh7 24. Rg2 Qd6 25. Ree2 Rg8 26. Rxg8+ Rxg8 27. Rg2 Rg3 28. Qf2 Ng5 29. Rxg3 hxg3 30. Qe2 b5 31. h4 bxc4 32. Bxc4 Nh7 33. Qh5 Qe7 34. Ke2 Bf4 35. Qf3 Bh6 36. Bd3 g2 37. Kf2 Bxe3+ 38. Qxe3 Qb4 39. b3 Qa3 40. Qe2 Qa5 41. Qc2 Qb4 42. Qb2 Qa5 43. Qc2 Qb4 44. Nf3 Qa5 45. Kxg2 Qd5 46. Kf2 Qd6 47. Qe2 Qf4 48. Qe4 Qd6 49. Ke3 Kg7 50. a4 Qe7 51. Qxe7 1-0


[Site "https://www.chess.com"]

[Event "Titled Tuesday Blitz May 24 Early 2022"]
[White "Pham, Le Thao Nguyen"]
[Black "Lutz, Igor Oscar"]
[WhiteFideId "12401226"]
[BlackFideId "2110806"]
[WhiteElo "2271"]
[BlackElo "1724"]
[Result "1-0"]
[Round "05"]
[TimeControl "180+1"]
[Date "2022.05.25"]
[WhiteClock "0:00:12"]
[BlackClock "0:00:05"]

1. d4 d5 2. Nf3 e6 3. c4 Nf6 4. Nc3 c6 5. Bg5 h6 6. Bh4 Be7 7. e3 Nbd7 8. Qc2 O-O 9. Rd1 a6 10. a3 Re8 11. Bd3 dxc4 12. Bxc4 b5 13. Ba2 Bb7 14. O-O Qc7 15. Bb1 g6 16. Bg3 Bd6 17. e4 Bxg3 18. hxg3 c5 19. e5 cxd4 20. Ne4 Qxc2 21. Nxf6+ Nxf6 22. Bxc2 Ng4 23. Rfe1 Rac8 24. Nxd4 Red8 25. Bb3 Bd5 26. Bc2 h5 27. f3 Nh6 28. Bb1 Nf5 29. Bxf5 gxf5 30. Kf2 Bc4 31. Ke3 Rd5 32. f4 Rcd8 33. Rd2 a5 34. Red1 b4 35. axb4 axb4 36. b3 Ba6 37. Nc6 Rxd2 38. Rxd2 Rxd2 39. Kxd2 Bf1 40. Nxb4 Bxg2 41. Nc2 f6 42. Ne3 Bc6 43. exf6 Kf7 44. Nc4 Kxf6 45. Ne5 Bd5 46. b4 Ke7 47. Ke3 Kd6 48. Kd4 Kc7 49. Kc5 Bg2 50. b5 Kb7 51. Nc4 Bd5 52. Nd6+ Kc7 53. Nf7 Kd7 54. Ne5+ Ke7 55. b6 Bb7 56. Nc4 Kf6 57. Kd6 Ba6 58. Ne5 Bb7 59. Kc7 Bd5 60. b7 Bxb7 61. Kxb7 Kg7 62. Kc7 Kh6 63. Kd6 h4 64. gxh4 Kh5 65. Kxe6 Kxh4 66. Kxf5 Kg3 67. Kg5 1-0


[Site "https://www.chess.com"]

[Event "Titled Tuesday Blitz May 24 Early 2022"]
[White "Pham, Tran Gia Phuc"]
[Black "Decuigniere, Tom"]
[WhiteFideId "12415669"]
[BlackFideId "26093820"]
[WhiteElo "1789"]
[BlackElo "1997"]
[Result "1-0"]
[Round "05"]
[TimeControl "180+1"]
[Date "2022.05.25"]
[WhiteClock "0:01:34"]
[BlackClock "0:00:03"]

1. e4 c5 2. Nc3 Nc6 3. Bb5 Nd4 4. Nf3 Nxb5 5. Nxb5 g6 6. d4 Qa5+ 7. Nc3 Bg7 8. Be3 Nf6 9. O-O cxd4 10. Bxd4 d6 11. Nd5 O-O 12. Nxe7+ Kh8 13. Bxf6 Bxf6 14. Qxd6 Be6 15. Nd5 Rfd8 16. Qf4 Bg7 17. b4 Qa4 18. Rad1 Rac8 19. Ng5 Qxc2 20. Nxf7+ Bxf7 21. Qxf7 Qxe4 22. Qxb7 Bd4 23. Rfe1 Qxd5 24. Re8+ Rxe8 25. Qxd5 Rcd8 26. Qb3 h6 27. g3 Rf8 28. Rf1 Bb6 29. Qc2 Kh7 30. a4 a5 31. Qc6 1-0


[Site "https://www.chess.com"]

[Event "Titled Tuesday Blitz May 24 Early 2022"]
[White "Piliczewski, Bogusz"]
[Black "Ciuffoletti, Paolo"]
[WhiteFideId "1104144"]
[BlackFideId "807630"]
[WhiteElo "1896"]
[BlackElo "2143"]
[Result "1/2-1/2"]
[Round "05"]
[TimeControl "180+1"]
[Date "2022.05.25"]
[WhiteClock "0:00:06"]
[BlackClock "0:00:15"]

1. d4 d5 2. Nf3 Nf6 3. c4 c6 4. e3 Bf5 5. Bd3 Bxd3 6. Qxd3 e6 7. O-O Nbd7 8. Nbd2 Be7 9. e4 dxe4 10. Nxe4 Nxe4 11. Qxe4 Nf6 12. Qe2 O-O 13. Bg5 h6 14. Bh4 Qa5 15. b3 Rfe8 16. Rfd1 Rad8 17. Ne5 c5 18. Ng4 cxd4 19. Bxf6 Bxf6 20. Nxf6+ gxf6 21. Qg4+ Kh7 22. Rxd4 Rg8 23. Qe4+ f5 24. Qd3 Qe5 25. Rd1 Qg7 26. g3 Rxd4 27. Qxd4 b6 28. Qxg7+ Kxg7 29. Rd7 Ra8 30. f4 Kf8 31. Kf2 Ke8 32. Rb7 Rd8 33. Ke3 Rd7 34. Rb8+ Ke7 35. b4 Kf6 36. c5 bxc5 37. bxc5 Rc7 38. Kd4 Rd7+ 39. Kc4 Rd2 40. a4 Rxh2 41. Ra8 Rc2+ 42. Kb5 Rb2+ 43. Kc6 Rb3 44. Rxa7 Rxg3 45. a5 Ra3 46. a6 h5 47. Ra8 h4 48. Kb6 h3 49. Rh8 Rb3+ 50. Kc7 Ra3 51. Kb7 Rb3+ 52. Kc7 Ra3 53. Kb7 Rb3+ 54. Kc7 1/2-1/2


[Site "https://www.chess.com"]

[Event "Titled Tuesday Blitz May 24 Early 2022"]
[White "Polster, Christian"]
[Black "Ronka, Erik"]
[WhiteFideId "12965081"]
[BlackFideId "505080"]
[WhiteElo "2295"]
[BlackElo "2264"]
[Result "1-0"]
[Round "05"]
[TimeControl "180+1"]
[Date "2022.05.25"]
[WhiteClock "0:00:49"]
[BlackClock "0:01:18"]

1. e4 e5 2. Nf3 Nc6 3. Bc4 Nf6 4. Ng5 d5 5. exd5 Na5 6. Bb5+ c6 7. dxc6 bxc6 8. Qf3 Be7 9. Bd3 h6 10. Ne4 Nd5 11. Ng3 O-O 12. Bf5 g6 13. Bxc8 Rxc8 14. d3 Bg5 15. O-O Bxc1 16. Rxc1 c5 17. Nd2 Nc6 18. Nc4 f5 19. Re1 Re8 20. c3 Nf6 21. Rad1 Qd6 22. Nxd6 1-0


[Site "https://www.chess.com"]

[Event "Titled Tuesday Blitz May 24 Early 2022"]
[White "Proudian, Armen"]
[Black "Hartikainen, Jarmo"]
[WhiteFideId "2130734"]
[BlackFideId "503134"]
[WhiteElo "2380"]
[BlackElo "2122"]
[Result "1-0"]
[Round "05"]
[TimeControl "180+1"]
[Date "2022.05.25"]
[WhiteClock "0:00:58"]
[BlackClock "0:00:08"]

1. e4 c5 2. Nf3 Nc6 3. d4 cxd4 4. Nxd4 Nf6 5. Nc3 d6 6. Bg5 e6 7. Bb5 Bd7 8. Qd3 Nxd4 9. Bxd7+ Qxd7 10. Qxd4 Be7 11. O-O-O O-O 12. e5 Nd5 13. Bxe7 Qxe7 14. Nxd5 exd5 15. exd6 Qxd6 16. Qxd5 Qg6 17. f4 Rac8 18. Rd2 h6 19. Re1 Rc6 20. b3 Rfc8 21. Ree2 Qf6 22. Qe5 Qg6 23. g3 Rc5 24. Qe4 Qf6 25. Kb1 a5 26. Rd5 b5 27. Rxc5 Rxc5 28. a3 b4 29. axb4 axb4 30. Qxb4 Rc8 31. Qe4 Qa6 32. Qd3 Qa3 33. Qd7 Ra8 34. Re8+ Kh7 35. Qf5+ g6 36. Qxf7# 1-0


[Site "https://www.chess.com"]

[Event "Titled Tuesday Blitz May 24 Early 2022"]
[White "Przybylski, Wojciech"]
[Black "Sadubayev, Airat"]
[WhiteFideId "1117599"]
[BlackFideId "13713264"]
[WhiteElo "2503"]
[BlackElo "2718"]
[Result "1-0"]
[Round "05"]
[TimeControl "180+1"]
[Date "2022.05.25"]
[WhiteClock "0:00:01"]
[BlackClock "0:00:01"]

1. d4 Nf6 2. c4 b6 3. Nf3 Bb7 4. Bf4 e6 5. Nbd2 Be7 6. Qc2 c5 7. e3 O-O 8. Bd3 cxd4 9. exd4 Nc6 10. a3 d5 11. c5 bxc5 12. dxc5 h6 13. O-O Nd7 14. Bb5 Bf6 15. Rac1 e5 16. Bg3 e4 17. Qa4 Qc8 18. Nd4 Nxd4 19. Bxd7 Bc6 20. Bxc6 Qxc6 21. Qxc6 Nxc6 22. Bd6 Bxb2 23. Rc2 Bxa3 24. Bxf8 Rxf8 25. Ra1 Bb4 26. Rb1 a5 27. Kf1 Rc8 28. Ra2 Kh7 29. Nb3 d4 30. Rd1 d3 31. f3 f5 32. Nd2 e3 33. Nc4 e2+ 34. Rxe2 dxe2+ 35. Kxe2 Re8+ 36. Kf1 Bxc5 37. Rc1 Bb4 38. Rd1 Ne5 39. Ne3 f4 40. Nd5 Rf8 41. Rd4 1-0


[Site "https://www.chess.com"]

[Event "Titled Tuesday Blitz May 24 Early 2022"]
[White "Quirke, Jeffrey"]
[Black "Rodchenkov, Sergey D."]
[WhiteFideId "2013029"]
[BlackFideId "4168712"]
[WhiteElo "2234"]
[BlackElo "2306"]
[Result "0-1"]
[Round "05"]
[TimeControl "180+1"]
[Date "2022.05.25"]
[WhiteClock "0:00:01"]
[BlackClock "0:00:13"]

1. e4 c5 2. Nc3 d6 3. f4 g6 4. Nf3 Bg7 5. a4 Nc6 6. Bb5 Bd7 7. Bxc6 Bxc6 8. d3 Nf6 9. O-O O-O 10. Qe1 Nd7 11. f5 e6 12. fxe6 fxe6 13. a5 Ne5 14. Qg3 Nxf3+ 15. Rxf3 Rxf3 16. Qxf3 Qf6 17. Be3 Qxf3 18. gxf3 a6 19. Kg2 Rf8 20. Kg3 Be5+ 21. f4 Bg7 22. Rf1 Bh6 23. Rf3 Kg7 24. Ne2 Kg8 25. c4 Bg7 26. b3 Rf7 27. h4 Rd7 28. Rf1 Bb2 29. Rd1 Bf6 30. e5 dxe5 31. Bxc5 exf4+ 32. Nxf4 Be5 33. Kg4 h5+ 34. Kg5 Kf7 35. Rf1 Bf6+ 36. Kh6 Bg7+ 37. Kg5 Kg8 38. Nxg6 Rxd3 39. Ne7+ Kh7 40. Nxc6 bxc6 41. b4 Rc3 42. Rf7 Rxc4 43. Ra7 Rg4+ 0-1


[Site "https://www.chess.com"]

[Event "Titled Tuesday Blitz May 24 Early 2022"]
[White "Rahman, Adel"]
[Black "Butti, Enrique"]
[WhiteFideId "14204177"]
[BlackFideId "3700470"]
[WhiteElo "2175"]
[BlackElo "2080"]
[Result "1-0"]
[Round "05"]
[TimeControl "180+1"]
[Date "2022.05.25"]
[WhiteClock "0:00:59"]
[BlackClock "0:01:07"]

1. e4 c5 2. Nf3 d6 3. d4 cxd4 4. Nxd4 Nf6 5. Nc3 a6 6. Bg5 e6 7. f4 b5 8. e5 dxe5 9. fxe5 Qc7 10. exf6 Qe5+ 11. Be2 Qxg5 12. O-O Ra7 13. Qd3 Rd7 14. Ne4 Qh4 15. Qe3 Bb7 16. Bd3 Bxe4 17. Bxe4 Bc5 18. c3 e5 19. Bc2 Bxd4 20. cxd4 Qxd4 21. Qxd4 Rxd4 22. Rae1 Nc6 23. fxg7 Rg8 24. Rf6 Ne7 25. Rxe5 Rxg7 26. Rxa6 Rd2 27. Be4 1-0


[Site "https://www.chess.com"]

[Event "Titled Tuesday Blitz May 24 Early 2022"]
[White "Redzisz, Michal"]
[Black "De Arruda, Leandro Formes"]
[WhiteFideId "21816107"]
[BlackFideId "22722009"]
[WhiteElo "2004"]
[BlackElo "1852"]
[Result "0-1"]
[Round "05"]
[TimeControl "180+1"]
[Date "2022.05.25"]
[WhiteClock "0:00:32"]
[BlackClock "0:00:41"]

1. Nf3 d5 2. b3 Nf6 3. Bb2 e6 4. e3 Bd6 5. c4 c6 6. Nc3 Nbd7 7. Qc2 O-O 8. d4 Re8 9. Bd3 e5 10. dxe5 Nxe5 11. Nxe5 Bxe5 12. Rd1 Bg4 13. f3 Bh5 14. O-O Bxc3 15. Bxc3 Rxe3 16. Bxf6 Qxf6 17. cxd5 cxd5 18. Bxh7+ Kh8 19. Bd3 Qd4 20. Kh1 Qe5 21. Qc5 b6 22. Qc6 Re8 23. Bb5 Rd8 24. Qb7 d4 25. Qxa7 Qxb5 26. Qc7 Ree8 27. Qg3 Qe5 28. Qh3 Kg8 29. Qh4 Bg6 30. Rfe1 Qf6 31. Rxe8+ Rxe8 32. Qg4 Qe5 33. h4 d3 34. Qd7 Qe2 35. Rg1 d2 36. Kh2 Bc2 37. h5 d1=Q 38. Rxd1 Bxd1 39. h6 Qe5+ 40. Kg1 Qe3+ 41. Kh2 0-1


[Site "https://www.chess.com"]

[Event "Titled Tuesday Blitz May 24 Early 2022"]
[White "Reprintsev, Alexander"]
[Black "Zia, Tahsin Tajwar"]
[WhiteFideId "14100541"]
[BlackFideId "10211888"]
[WhiteElo "2108"]
[BlackElo "1800"]
[Result "1-0"]
[Round "05"]
[TimeControl "180+1"]
[Date "2022.05.25"]
[WhiteClock "0:01:54"]
[BlackClock "0:01:09"]

1. e4 c6 2. b3 d6 3. Qe2 g6 4. Bb2 Nf6 5. d4 Bg7 6. Nc3 O-O 7. h4 h5 8. O-O-O a5 9. a4 Na6 10. Nf3 Bg4 11. Qe3 Nb4 12. Be2 Qc7 13. Ng5 e5 14. f3 Bd7 15. g4 hxg4 16. h5 Nxh5 17. fxg4 Nf4 18. dxe5 dxe5 19. Bc4 Bxg4 20. Rdg1 Bh5 21. Rxh5 gxh5 22. Ne2 Nxe2+ 23. Qxe2 b5 24. Qxh5 1-0


[Site "https://www.chess.com"]

[Event "Titled Tuesday Blitz May 24 Early 2022"]
[White "Rios Escobar, Adan"]
[Black "Osiecki, Stanislaw"]
[WhiteFideId "3403645"]
[BlackFideId "1102990"]
[WhiteElo "2399"]
[BlackElo "2127"]
[Result "1-0"]
[Round "05"]
[TimeControl "180+1"]
[Date "2022.05.25"]
[WhiteClock "0:00:49"]
[BlackClock "0:01:21"]

1. d4 Nf6 2. g3 d6 3. Bg2 g6 4. e4 Bg7 5. Ne2 O-O 6. O-O Nbd7 7. Nbc3 e5 8. a4 a5 9. h3 c6 10. Be3 Qe7 11. g4 Ne8 12. Ng3 exd4 13. Bxd4 Ne5 14. f4 Nd7 15. Bxg7 Nxg7 16. f5 Qe5 17. Qf3 f6 18. Rad1 Nc5 19. Qf4 Qxf4 20. Rxf4 g5 21. Rf2 Rd8 22. Rfd2 Ne8 23. Nh5 Kf7 24. Kf2 Bd7 25. Ke3 b5 26. axb5 cxb5 27. Nd5 Bc6 28. Bf3 a4 29. Nhxf6 Nxf6 30. Nxf6 Kxf6 31. Rxd6+ Ke7 32. f6+ Ke8 33. f7+ Ke7 34. Rxd8 Rxd8 35. Rxd8 Kxd8 36. f8=Q+ 1-0


[Site "https://www.chess.com"]

[Event "Titled Tuesday Blitz May 24 Early 2022"]
[White "Rostovtsev, Dmitry"]
[Black "Vidit, Santosh Gujrathi"]
[WhiteFideId "34278320"]
[BlackFideId "5029465"]
[WhiteElo "2274"]
[BlackElo "2654"]
[Result "0-1"]
[Round "05"]
[TimeControl "180+1"]
[Date "2022.05.24"]
[WhiteClock "0:00:21"]
[BlackClock "0:00:41"]

1. c4 b6 2. Nc3 Bb7 3. e4 e5 4. Nge2 Nf6 5. d3 Bc5 6. Be3 Bxe3 7. fxe3 Ng4 8. Qd2 Qg5 9. Nd1 O-O 10. h3 Nh6 11. Nf2 Na6 12. O-O-O f5 13. Nc3 Nc5 14. b4 Ne6 15. h4 Qd8 16. d4 f4 17. dxe5 fxe3 18. Qxe3 a5 19. b5 Rf7 20. Be2 Qf8 21. Rhf1 Qa3+ 22. Kb1 Raf8 23. Nd5 Qxe3 24. Nxe3 Rxf2 25. Rxf2 Rxf2 26. Bf3 Nc5 27. Nd5 Nf7 28. Nxc7 Nxe5 29. Nd5 Nxc4 30. Ka1 Bxd5 31. exd5 Ne5 32. d6 Nxf3 0-1


[Site "https://www.chess.com"]

[Event "Titled Tuesday Blitz May 24 Early 2022"]
[White "Sailer, Mike"]
[Black "Hart, Braeden"]
[WhiteFideId "2012901"]
[BlackFideId "30962587"]
[WhiteElo "2109"]
[BlackElo "2387"]
[Result "0-1"]
[Round "05"]
[TimeControl "180+1"]
[Date "2022.05.25"]
[WhiteClock "0:01:12"]
[BlackClock "0:01:54"]

1. d4 e5 2. dxe5 d6 3. exd6 Bxd6 4. Nf3 Bg4 5. Bg5 f6 6. Bh4 Qe7 7. e3 Nc6 8. Nbd2 O-O-O 9. Bd3 Ne5 10. Qe2 Nxd3+ 11. cxd3 g5 12. Bg3 Bxg3 13. hxg3 Qe6 14. d4 Ne7 15. Qc4 Nd5 16. O-O-O Rhe8 17. Rxh7 Rd6 18. e4 Rc6 19. exd5 Qxd5 20. Qxc6 Qxc6+ 21. Kb1 Bf5+ 0-1


[Site "https://www.chess.com"]

[Event "Titled Tuesday Blitz May 24 Early 2022"]
[White "Sanchez, Robert"]
[Black "Yaksin, Oleg"]
[WhiteFideId "2034360"]
[BlackFideId "24105880"]
[WhiteElo "2271"]
[BlackElo "2256"]
[Result "0-1"]
[Round "05"]
[TimeControl "180+1"]
[Date "2022.05.25"]
[WhiteClock "0:00:32"]
[BlackClock "0:00:09"]

1. e4 c5 2. Nf3 d6 3. d4 cxd4 4. Nxd4 Nf6 5. Nc3 Nc6 6. f3 e5 7. Nb3 Be6 8. Be3 Be7 9. Qd2 O-O 10. O-O-O a5 11. Bb5 Qc7 12. a4 Nb4 13. Kb1 d5 14. Bg5 d4 15. Na2 Qxc2+ 16. Qxc2 Nxc2 17. Nd2 Rfc8 18. Rc1 Nb4 19. Nxb4 Bxb4 20. Rxc8+ Rxc8 21. Bxf6 gxf6 22. Nf1 Bb3 23. Ng3 Rc2 24. Nh5 d3 25. Bxd3 Rxg2 26. Nxf6+ Kh8 27. Rc1 Kg7 28. Ng4 Bd2 29. Rf1 Bf4 30. Rf2 Rg1+ 31. Rf1 Rxf1+ 32. Bxf1 h5 33. Nf2 Bxh2 34. Nd3 Bg3 35. Nc5 Bd1 36. Bg2 b6 37. Nd7 h4 38. Nxb6 Be2 39. Kc1 Kg6 40. Kd2 Ba6 41. Nd5 Kg5 42. b4 axb4 43. Nxb4 Bc4 44. a5 Bf2 45. a6 Kf4 46. Nd3+ Bxd3 47. Kxd3 Kg3 48. Bf1 h3 49. Bxh3 Kxh3 50. Kc4 Kg3 51. Kd5 Kf4 52. Kd6 f6 53. Ke6 Kxf3 54. Kf5 Bd4 55. Kxf6 Kxe4 56. Ke6 Kf4 57. Kd5 Ba7 58. Kc4 e4 59. Kc3 e3 60. Kd3 Kf3 61. Kc4 e2 62. Kb5 e1=Q 63. Kc6 0-1


[Site "https://www.chess.com"]

[Event "Titled Tuesday Blitz May 24 Early 2022"]
[White "Sankalan Shah"]
[Black "Li, Hui"]
[WhiteFideId "25600362"]
[BlackFideId "15400310"]
[WhiteElo "1648"]
[BlackElo "1954"]
[Result "1-0"]
[Round "05"]
[TimeControl "180+1"]
[Date "2022.05.25"]
[WhiteClock "0:00:41"]
[BlackClock "0:00:03"]

1. d4 Nf6 2. c4 e6 3. Nc3 d5 4. Nf3 Be7 5. Bf4 O-O 6. e3 c5 7. dxc5 Bxc5 8. Qc2 Nc6 9. a3 Qa5 10. Rd1 Be7 11. cxd5 Nxd5 12. Bd3 g6 13. Bh6 Rd8 14. b4 Ncxb4 15. axb4 Bxb4 16. O-O Bxc3 17. Bc4 Bg7 18. Bxg7 Kxg7 19. e4 Ne7 20. Qb2+ f6 21. Rxd8 Qxd8 22. Ng5 b5 23. Bxe6 Nc6 24. Qxb5 fxg5 25. Qxc6 Bxe6 26. Qxe6 Rc8 27. Ra1 Qe8 28. Rxa7+ Kh8 29. Qf6+ 1-0


[Site "https://www.chess.com"]

[Event "Titled Tuesday Blitz May 24 Early 2022"]
[White "Sargsyan, Anna M."]
[Black "Namitbir Singh Walia"]
[WhiteFideId "13308130"]
[BlackFideId "35071068"]
[WhiteElo "2271"]
[BlackElo "1565"]
[Result "1-0"]
[Round "05"]
[TimeControl "180+1"]
[Date "2022.05.25"]
[WhiteClock "0:00:16"]
[BlackClock "0:00:04"]

1. d4 Nf6 2. c4 e6 3. Nf3 Bb4+ 4. Bd2 Qe7 5. g3 Bxd2+ 6. Nbxd2 d6 7. Bg2 e5 8. e4 Bg4 9. h3 Bh5 10. O-O exd4 11. g4 Bg6 12. Nxd4 O-O 13. f4 h6 14. Qf3 Nbd7 15. Rae1 c6 16. Qg3 Rae8 17. h4 Qd8 18. f5 Bh7 19. g5 hxg5 20. hxg5 Nh5 21. Qh4 g6 22. Bf3 Qb6 23. Nb3 Nc5 24. Rd1 Nxb3 25. axb3 gxf5 26. Qxh5 fxe4 27. Be2 Bg6 28. Qh6 Re5 29. Rf2 Qc5 30. Rg2 Rfe8 31. b4 Qxb4 32. Rh2 Rxg5+ 33. Qxg5 Qb6 34. Qf6 1-0


[Site "https://www.chess.com"]

[Event "Titled Tuesday Blitz May 24 Early 2022"]
[White "Schekachikhin, Maksim"]
[Black "Odegov, Artem"]
[WhiteFideId "24177830"]
[BlackFideId "34183644"]
[WhiteElo "2239"]
[BlackElo "2286"]
[Result "1-0"]
[Round "05"]
[TimeControl "180+1"]
[Date "2022.05.25"]
[WhiteClock "0:01:27"]
[BlackClock "0:00:01"]

1. Nf3 d5 2. g3 Bf5 3. Bg2 e6 4. O-O Nf6 5. b3 Nbd7 6. Bb2 c6 7. d3 h6 8. Nbd2 Be7 9. Nh4 Bh7 10. e4 O-O 11. f4 dxe4 12. dxe4 Nc5 13. Qe2 Qb6 14. Kh1 Rad8 15. Nc4 Qa6 16. e5 Nfe4 17. Nf3 Rd7 18. a4 Rfd8 19. Rae1 b5 20. axb5 cxb5 21. Nd6 Bxd6 22. exd6 Rxd6 23. b4 Na4 24. Be5 R6d7 25. Nh4 Rd2 26. Qg4 f6 27. Bxe4 Bxe4+ 28. Rxe4 Qc6 29. f5 fxe5 30. f6 1-0


[Site "https://www.chess.com"]

[Event "Titled Tuesday Blitz May 24 Early 2022"]
[White "Shimanov, Aleksandr"]
[Black "Demchenko, Anton"]
[WhiteFideId "4198603"]
[BlackFideId "4160258"]
[WhiteElo "2605"]
[BlackElo "2539"]
[Result "1/2-1/2"]
[Round "05"]
[TimeControl "180+1"]
[Date "2022.05.24"]
[WhiteClock "0:00:03"]
[BlackClock "0:00:09"]

1. e4 e5 2. Nf3 Nc6 3. Nc3 Nf6 4. h3 g6 5. Bc4 Bg7 6. d3 d6 7. a4 O-O 8. Bg5 Be6 9. Qd2 Qd7 10. O-O Nh5 11. Bxe6 fxe6 12. Nh2 Nf4 13. Ne2 Qf7 14. Ng4 Kh8 15. Nh6 Nxe2+ 16. Qxe2 Qd7 17. c3 Nd8 18. a5 Nf7 19. Nxf7+ Rxf7 20. c4 d5 21. b4 d4 22. b5 h6 23. Bd2 g5 24. Qh5 Kg8 25. h4 gxh4 26. Qxh4 Rf6 27. Qh5 Raf8 28. f3 Kh7 29. Kf2 Rg6 30. Rh1 Qf7 31. Rh2 Qe7 32. Ke2 Rg8 33. g4 Rf8 34. Rh3 a6 35. Rb1 axb5 36. cxb5 Ra8 37. Qh4 Qc5 38. Qe1 Qc2 39. Qc1 Qa2 40. Qb2 Qa4 41. Qb3 Qxb3 42. Rxb3 Bf6 43. Rb1 Bg5 44. Be1 Bf4 45. Rb2 Rg7 46. Rc2 Kg6 47. Rh5 Rd7 48. Rc4 Rc8 49. Kd1 c6 50. b6 Ra8 51. Ke2 Rf7 52. Bb4 Rf6 53. Rh3 Rf7 54. Rh5 Ra6 55. Rc5 Rf6 56. Be1 Rf7 57. Rc2 Rf8 58. Ra2 Rfa8 59. Rb2 Rxa5 60. Bxa5 Rxa5 61. Rh1 Ra6 62. Rhb1 Kf7 63. Rc2 Ra3 64. Rbb2 Ke7 65. Ra2 Rb3 66. Rcb2 Rxb2+ 67. Rxb2 Kd6 68. Kd1 c5 69. Kc2 Kc6 70. Rb3 Bg5 71. Kb2 Bd2 72. Ra3 Kxb6 73. Kb3 Kc6 74. Ra8 b5 75. Ra6+ Kd7 76. Rb6 c4+ 77. dxc4 bxc4+ 78. Kxc4 Bf4 79. Kc5 Ke7 80. Rb7+ Kf6 81. Rb3 Kg5 82. Kc4 Kh4 83. Kd3 Kg3 84. Ke2 Kg2 85. Rb6 d3+ 86. Kxd3 Kxf3 87. Rxe6 Kxg4 88. Rg6+ Kf3 89. Rg8 h5 90. Rh8 Kg4 91. Ke2 h4 92. Rg8+ Kh3 93. Kf3 Kh2 94. Rg2+ Kh3 95. Rg4 Bg3 96. Rg5 Bf4 97. Rh5 Bg3 98. Rf5 Kh2 99. Rh5 Kh3 100. Rh8 Kh2 101. Rh7 Kh3 102. Rh5 Kh2 103. Rg5 Kh3 104. Rg8 Kh2 105. Rf8 Kh3 106. Rh8 Kh2 107. Rh7 Kh3 108. Rh8 1/2-1/2


[Site "https://www.chess.com"]